 Dungeon Crawl Stone Soup version 0.29.1-12-g30fa7ad0bf (webtiles) character file.

Game seed: 7858187775356635327

173 KittyFluff the Cudgeller (level 5, 0/49 HPs)
             Began as a Gargoyle Berserker on Jan 17, 2023.
             Was a Believer of Trog.
             Slain by SirLogeyBear's ghost (13 damage)
             ... on level 3 of the Dungeon.
             The game lasted 00:14:48 (2618 turns).

KittyFluff the Cudgeller (Gargoyle Berserker)       Turns: 2618, Time: 00:14:49

Health: 0/49       AC:  8    Str: 20    XL:     5   Next: 53%
Magic:  5/5        EV: 16    Int:  8    God:    Trog [**....]
Gold:   116        SH:  0    Dex: 11    Spells: 4/4 levels left

rFire   . . .      SeeInvis .   a - +0 mace
rCold   . . .      Faith    .   (no shield)
rNeg    + . .      Spirit   .   b - +0 robe
rPois   ∞          Reflect  .   (no helmet)
rElec   +          Harm     .   v - +0 cloak
rCorr   .          Rampage  .   (no gloves)
Will    .....                   x - +0 pair of boots
Stlth   ..........              (no amulet)
HPRegen 0.16/turn               h - +4 ring of evasion
MPRegen 0.09/turn               (no ring)

@: berserking, very quick
A: sickness immunity, AC +4, negative energy resistance 1, electricity
resistance, torment resistance 1, petrification resistance
a: Renounce Religion, Berserk, Trog's Hand


You were on level 3 of the Dungeon.
You worshipped Trog.
Trog was pleased with you.
You visited 1 branch of the dungeon, and saw 3 of its levels.

You collected 116 gold pieces.

Inventory:

Hand Weapons
 a - a +0 mace (weapon)
 j - a +0 flail
 w - a +0 whip
Missiles
 c - 17 stones (quivered)
 k - 11 boomerangs
 q - 3 javelins
Armour
 b - a +0 robe (worn)
 r - a +0 ring mail
 v - a +0 cloak (worn)
 x - a +0 pair of boots (worn)
Jewellery
 h - a +4 ring of evasion (left hand)
Wands
 y - a wand of iceblast (13)
Scrolls
 e - a scroll of blinking {unknown}
 i - a scroll of teleportation
 m - 2 scrolls of fear {unknown}
 o - a scroll of vulnerability {unknown}
 p - a scroll of magic mapping {unknown}
 s - 2 scrolls of torment {unknown}
Potions
 d - 2 potions of mutation {unknown}
 f - 2 potions of curing {unknown}
 g - a potion of haste {unknown}
 l - a potion of flight {unknown}
 n - a potion of brilliance {unknown}
 t - a potion of ambrosia {unknown}
 u - a potion of might {unknown}


   Skills:
 + Level 3.9 Fighting
 * Level 4.1 Maces & Flails
 + Level 0.9 Throwing
 * Level 3.7 Armour
 + Level 2.2 Dodging
 + Level 1.1 Stealth


You had 4 spell levels left.
You didn't know any spells.
Your spell library was empty.

Dungeon Overview and Level Annotations

Branches:
Dungeon (3/15)

Altars:
Gozag
Hepliaklqana
Zin

Shops:
D:3 [*

Annotations:
D:3 SirLogeyBear's ghost, amateur HOBe


Innate Abilities, Weirdness & Mutations

You are immune to sickness and miasma.
Your stone body is resilient. (AC +4)
You are immune to poison.
You resist negative energy. (rN+)
You are resistant to electric shocks. (rElec)
You are resistant to unholy torment.
You are immune to petrification.


Message History

The frilled lizard hisses angrily.
SirLogeyBear's ghost turns its malevolent gaze towards you.
The orc shouts!
As you open the gate, it creaks loudly!
The frilled lizard attacks as you move away!
The frilled lizard barely misses you.
You closely miss the frilled lizard. The frilled lizard closely misses you.
The frilled lizard barely misses you.
You barely miss the frilled lizard.
The frilled lizard bites you but does no damage.
You barely miss the frilled lizard. The frilled lizard bites you.
You barely miss the frilled lizard. The frilled lizard barely misses you.
You sock the frilled lizard!
You kill the frilled lizard!
Trog accepts your kill.
You hit the orc but do no damage. The orc closely misses you.
You sock the orc!
You kill the orc!
Trog accepts your kill. SirLogeyBear's ghost barely misses you.
You barely miss SirLogeyBear's ghost. SirLogeyBear's ghost hits you!
You hit SirLogeyBear's ghost.
SirLogeyBear's ghost is lightly damaged.
SirLogeyBear's ghost hits you!
A red film seems to cover your vision as you go berserk!
You feel yourself moving faster!
You feel mighty! SirLogeyBear's ghost hits you.
* * * LOW HITPOINT WARNING * * *
You hit SirLogeyBear's ghost.
SirLogeyBear's ghost is lightly damaged.
SirLogeyBear's ghost closely misses you.
You completely miss SirLogeyBear's ghost.
SirLogeyBear's ghost is lightly damaged.
SirLogeyBear's ghost hits you but does no damage.
You hit SirLogeyBear's ghost.
SirLogeyBear's ghost is moderately damaged.
You sock SirLogeyBear's ghost!
SirLogeyBear's ghost is heavily damaged.
SirLogeyBear's ghost hits you!
You die...

######..# #############...# #.#
........# ##.8.##..#.......# #.#
######.## #∩$..$#..#.###...# #.#
#.# #8$.$.'..#.# ##.## #.# #.#
#∩.8_.'....# #.####[##
###.####8.$..'..#.# #.##.....
#.....##...$.#..#.# #.##.#.##
####.#.#.###∩8.##W.#.# #.##.#...
#..........### #@###.####.##.####
#.##.#.#.###.# #.# #......##.#
..∩......# #.# #.# #####..##.#
#.#.##.### #.# #.# #..##.#
.....#.# #.# #.# #..##.# ##
#.#..#.#####.###.#######..##.##..
.....#.....................#.....
#.##.#######.###########.#.###...
#.##.#######.# #.#.##..##


You could see SirLogeyBear's ghost.

Vanquished Creatures
  A hound (D:3)
  An orc priest (D:3)
  6 adders
  A worm (D:3)
  3 orcs (D:3)
  A ball python (D:3)
  3 endoplasms
  3 giant cockroaches
  5 goblins
  7 hobgoblins
  6 kobolds
  A quokka (D:1)
  6 bats
  5 frilled lizards
  7 rats
56 creatures vanquished.

Notes
Turn   | Place    | Note
-------+----------+-------------------------------------------
     0 | D:1      | KittyFluff the Gargoyle Berserker began the quest for the
                  | Orb.
     0 | D:1      | Reached XP level 1. HP: 14/14 MP: 1/1
   312 | D:1      | Reached XP level 2. HP: 14/19 MP: 2/2
   811 | D:2      | Reached XP level 3. HP: 23/23 MP: 3/3
   839 | D:2      | Found a hazy altar of Hepliaklqana.
  1437 | D:2      | Reached XP level 4. HP: 22/29 MP: 4/4
  1763 | D:3      | Reached ** piety under Trog
  2084 | D:3      | Reached skill level 4 in Maces & Flails
  2084 | D:3      | Reached XP level 5. HP: 29/33 MP: 5/5
  2084 | D:3      | Found Fehulesaiw's Assorted Antiques.
  2282 | D:3      | Found Firhits's Armour Shop.
  2291 | D:3      | Reached skill level 1 in Stealth
  2322 | D:3      | Found a runed translucent gate.
  2323 | D:3      | Found a runed translucent gate.
  2324 | D:3      | Found a runed translucent gate.
  2325 | D:3      | Found an opulent altar of Gozag.
  2326 | D:3      | Noticed SirLogeyBear's ghost (amateur HOBe)
  2405 | D:3      | Found a faded altar of an unknown god.
  2420 | D:3      | Found a glowing silver altar of Zin.
  2618 | D:3      | Slain by SirLogeyBear's ghost

Illustrated notes

Levels and vault maps discovered:
D:1:      mrwooster_arrival_statue_2, layout_rooms
D:2:      layout_loops_corners, basic_altar, shapermc_ecumenical_altar_acropolis
D:3:      layout_loops_ring, nicolae_overflow_ecumenical_swirl, serial_shops,
          shop, shop, ebering_ghost_gozag, minmay_unequal

Skill      XL: |  1  2  3  4  5 |
---------------+----------------+-----
Armour         | 3 |  3.7
Dodging        | 2 |  2.2
Maces & Flails | 4 |  4.1
Stealth        | 1 |  1.1
Fighting       | |  3.9
Throwing       | |  0.9

Action                   |  1- 3 |  4- 6 || total
-------------------------+-------+-------++-------
Melee: Mace              |   124 |    82 ||   206
       Punch             |     4 |       ||     4
Throw: Stone             |     3 |     2 ||     5
Invok: Berserk           |       |     1 ||     1
  Use: Scroll            |     1 |       ||     1
Armor: Animal skin       |    39 |       ||    39
       Robe              |    17 |    18 ||    35
Dodge: Dodged            |    98 |    70 ||   168
